 Dungeon Crawl Stone Soup version 0.30-a0-930-gb9d0489357 (console) character file.

Game seed: 11761637701986545297

109580 jejorda2 the Phalangite (level 16, -6/204 HPs)
             Began as a Merfolk Berserker on Mar 23, 2023.
             Was an Elder of Trog.
             Mangled by Snorg (11 damage)
             ... on level 9 of the Dungeon on Mar 24, 2023.
             The game lasted 01:08:16 (28668 turns).

jejorda2 the Phalangite (Merfolk Berserker)        Turns: 28668, Time: 01:08:17

Health: -6/204     AC: 23    Str: 29    XL:     16   Next: 52%
Magic:  0/2        EV: 11    Int:  7    God:    Trog [****..]
Gold:   1383       SH:  0    Dex: 14    Spells: 15/15 levels left

rFire   + . .      SeeInvis .    a - +1 bardiche {antimagic, rN+ Str+4 Int+2 Stlth+}
rCold   . . .      Faith    .    (shield currently unavailable)
rNeg    + . .      Spirit   +    n - +2 chain mail "Otosal" {rElec rPois MP-9 Int-4}
rPois   +          Reflect  .    c - +2 helmet {Int+3}
rElec   +          Rampage  +    l - +0 cloak {rCorr}
rCorr   +                        q - +2 pair of gloves
Will    ++...                    K - +2 pair of boots {rampage} Stlth
                                 j - amulet of guardian spirit
HPRegen 0.54/turn                p - ring of protection from fire
MPRegen 0.08/turn                r - ring of willpower

@: berserking, very quick
A: (nimble swimmer 2), mertail
a: Renounce Religion, Berserk, Trog's Hand, Brothers in Arms


You were on level 9 of the Dungeon.
You worshipped Trog.
Trog was greatly pleased with you.
You visited 3 branches of the dungeon, and saw 21 of its levels.
You also visited: Ossuary and Gauntlet.

You collected 1901 gold pieces.
You spent 518 gold pieces at shops.

Inventory:

Hand Weapons
 a - the +1 bardiche "Gram" (weapon) {antimagic, rN+ Str+4 Int+2 Stlth+}
   (You found it on level 9 of the Dungeon)

   Str:       It affects your strength (+4).
   Int:       It affects your intelligence (+2).
   rN:        It protects you from negative energy.
   Stlth:     It makes you more stealthy.
 b - a +1 trident of protection
Missiles
 m - 46 poisoned darts (quivered)
 o - 7 silver javelins
 s - 8 javelins
 y - 3 throwing nets
 A - a curare-tipped dart
 C - 13 boomerangs
 I - 112 stones
 Q - 3 atropa-tipped darts
Armour
 c - a +2 helmet of intelligence (worn)
 l - a +0 cloak of preservation (worn)
 n - the +2 chain mail "Otosal" (worn) {rElec rPois MP-9 Int-4}
   (You bought it in a shop on level 1 of the Dungeon)

   Int:       It affects your intelligence (-4).
   rElec:     It insulates you from electricity.
   rPois:     It protects you from poison.
   MP:        It affects your magic capacity (-9).
 q - a +2 pair of gloves (worn)
 K - a +2 pair of boots of rampaging (worn)
Jewellery
 i - a ring of flight
 j - an amulet of guardian spirit (around neck)
 p - a ring of protection from fire (left hand)
 r - a ring of willpower (right hand)
 J - a ring of ice
 N - a ring of ice
 T - the ring "Nanwokihe" {rF+ Int+4}
   (You took it off a deep elf annihilator on level 12 of the Dungeon)

   [ring of protection from fire]

   Int:       It affects your intelligence (+4).
   rF:        It protects you from fire.
Wands
 B - a wand of mindburst (15)
 F - a wand of polymorph (20)
 H - a wand of flame (26)
 L - a wand of paralysis (11)
 P - a wand of acid (14)
 V - a wand of digging (7)
Scrolls
 e - 5 scrolls of immolation
 f - 4 scrolls of blinking
 D - 11 scrolls of teleportation
 E - a scroll of fear
 G - 4 scrolls of silence
 R - 2 scrolls of poison
Potions
 d - 3 potions of resistance
 g - 2 potions of invisibility
 h - 10 potions of curing
 k - 7 potions of attraction
 t - 5 potions of ambrosia
 u - 3 potions of flight
 v - 3 potions of cancellation
 w - a potion of berserk rage {unknown}
 x - 5 potions of heal wounds
 z - 4 potions of mutation
 M - 4 potions of might
 O - 2 potions of haste
Miscellaneous
 S - a phial of floods
 U - a condenser vane (inert)


   Skills:
 + Level 15.1 Fighting
 - Level 24.0 Polearms
 * Level 13.7 Throwing
 + Level 7.2 Armour
 - Level 6.0 Dodging
 - Level 6.0 Evocations


You had 15 spell levels left.
You didn't know any spells.
Your spell library was empty.

Dungeon Overview and Level Annotations

Branches:
Dungeon (15/15)            Temple (0/1) D:5            Lair (5/5) D:8
 Shoals (0/4) Lair:2       Spider (0/4) Lair:2        Slime (0/5) Lair:4
    Orc (1/2) D:10         Vaults (0/5) D:14         Depths (0/4) D:15
Ossuary (visited)         Gauntlet (visited)

Altars:
Ashenzari
Cheibriados
Dithmenos
Fedhas
Hepliaklqana
Nemelex Xobeh
Ru
Sif Muna
Trog
Uskayaw
Wu Jian
Zin

Shops:
D:1 [   D:2 !   D:13 *

Annotations:
D:3 3 runed translucent doors, SirDiesAlot's ghost, amateur OgFE
D:5 1 runed translucent door
D:9 Snorg
D:10 Jorgrun


Innate Abilities, Weirdness & Mutations

((You are very nimble when in or above water. (Stealth+, EV+, Speed+++)))
Your lower body shifts to a powerful aquatic tail in water.


Message History

You escape the roots grasp.
Jorgrun points at the rock wall and mumbles some strange words.
You hear a grinding noise.
Snorg barely misses you. x2; Snorg closely misses you.
There is an escape hatch in the ceiling here.
Snorg closely misses you. Snorg claws you but does no damage. Snorg claws you!
* * * LOW HITPOINT WARNING * * *
The orc priest miscasts a cantrip.
Some rock shatters into small pieces.
A mysterious force pulls you upwards. The hatch slams shut behind you.
Reactivating autopickup.
Unknown command.
A red film seems to cover your vision as you go berserk!
You feel yourself moving faster!
You feel mighty! Snorg bites you!
* * * LOW HITPOINT WARNING * * *
Snorg claws you but does no damage. Snorg claws you!
* * * LOW HITPOINT WARNING * * *
Snorg barely misses you. x2; Snorg claws you but does no damage.
You slash Snorg!
Snorg is heavily wounded.
Snorg bites you but does no damage. Snorg claws you!
* * * LOW HITPOINT WARNING * * *
Snorg claws you but does no damage.
You slice Snorg!!
Snorg is severely wounded.
You hit Snorg.
Snorg is severely wounded.
Snorg barely misses you. Snorg claws you but does no damage. x2
You closely miss Snorg.
Snorg is severely wounded.
Snorg bites you!
* * * LOW HITPOINT WARNING * * *
Snorg completely misses you. Snorg claws you.
* * * LOW HITPOINT WARNING * * *
You slice Snorg!!
Snorg is almost dead.
You slash Snorg!
Snorg is almost dead.
Snorg bites you!
You die...

###.### #....# #..#
####.# ###'######
####+##### #........#
###........# ##........#
#.'........#
.'........####.#........#
##........##...#........#
#........#..###........#
#........'.## #@.......#
#........### #.T......#
#........# #........#
########## #........#
#####'#### #.## #..# ##.#
#######)###


You could see Snorg (berserk).

Vanquished Creatures
  Frances (D:12)
  A tengu reaver (D:12)
  Kirke (D:15)
  A fire giant (D:12)
  A stone giant (D:12)
  Nessos (D:15)
  Azrael (D:13)
  A deep elf annihilator (D:12)
  A minotaur (Gauntlet)
  Josephine (D:14)
  A fire dragon (D:12)
  Fannar (D:10)
  8 vault guards (D:14)
  A rakshasa (D:12)
  6 hydras
  An ogre mage (D:14)
  4 catoblepae
  6 boulder beetles
  A dancing weapon (D:12)
  3 centaur warriors
  9 two-headed ogres
  2 death knights (D:15)
  A tengu warrior (D:14)
  A deep troll earth mage (D:12)
  The ghost of Nabski the Scorcher, a journeyman TeFE of Vehumet (D:9)
  A deep troll shaman (Lair:5)
  8 death yaks
  Nergalle (D:12)
  A soul eater (Gauntlet)
  4 skysharks
  A sea snake (shapeshifter) (D:15)
  2 skeletal warriors (D:15)
  A lindwurm (Lair:5)
  A lindwurm (shapeshifter) (D:15)
  Pikel (D:4)
  4 deep elf pyromancers
  An orc knight (D:15)
  12 ugly things
  A salamander (D:15)
  An oklob plant (Lair:1)
  A wolf spider (D:14)
  A moth of wrath (Gauntlet)
  5 cyclopes
  A moth of wrath (shapeshifter) (D:15)
  4 manticores
  A torpor snail (Gauntlet)
  18 elephants
  7 black mambas
  A gargoyle (D:13)
  14 cane toads
  A merfolk siren (Lair:2)
  3 yaktaurs (D:15)
  2 kobold demonologists (D:11)
  2 efreet
  An unseen horror (D:11)
  The ghost of timneilson the Covered, a novice GrFi (D:5)
  3 rime drakes
  A tengu conjurer (D:14)
  10 komodo dragons
  3 trolls
  A wolf spider simulacrum (Gauntlet)
  3 merfolk (Lair:2)
  A hornet (D:11)
  The ghost of jimonade the Shield-Bearer, an amateur FoFi (D:4)
  4 polar bears
  24 blink frogs
  A jumping spider (Lair:2)
  2 slime creatures (D:15)
  3 centaur simulacra (Gauntlet)
  6 wraiths
  A yak (shapeshifter) (D:15)
  2 water elementals (D:14)
  A culicivora (Lair:2)
  43 yaks
  2 wyverns
  2 hogs (D:15)
  A redback (Lair:2)
  6 basilisks
  2 steam dragons
  4 fire elementals (D:13)
  14 vampire mosquitoes
  Menkaure (D:5)
  An acid dragon (D:11)
  2 hell hounds (D:13)
  13 water moccasins
  7 orc warriors
  A sky beast (D:6)
  3 ice beasts
  2 black bears
  An ice beast (shapeshifter) (D:13)
  50 wolves
  4 ogres
  4 centaurs
  A phantom (D:7)
  3 kobold brigands
  A lemure (D:4)
  14 bullfrogs
  A gnoll sergeant (D:6)
  5 scorpions
  4 wights (D:10)
  6 killer bees (D:8)
  6 electric eels
  4 howler monkeys
  4 jellies (D:6)
  A wyvern simulacrum (Gauntlet)
  3 orc priests
  A hound (D:6)
  8 orc wizards
  2 sleepcaps (D:6)
  11 hell rats
  5 iguanas
  8 mummies (Ossuary)
  8 gnolls
  A river rat (D:5)
  7 adders
  5 shadow imps
  3 white imps
  2 ufetubi
  3 worms
  3 dart slugs
  50 orcs
  3 bats
  3 endoplasms
  A giant cockroach (D:4)
  12 goblins
  8 hobgoblins
  11 jackals
  14 kobolds
  4 quokkas
  7 ball pythons
  3 gnoll zombies (Ossuary)
  A hobgoblin zombie (Ossuary)
  2 kobold zombies (Ossuary)
  2 orc zombies (Ossuary)
  5 rats
  A bush (D:6)
636 creatures vanquished.

Vanquished Creatures (collateral kills)
  A phantasmal warrior (D:15)
  A freezing wraith (D:15)
  2 yaktaurs (D:15)
  2 wolves (Lair:4)
6 creatures vanquished.

Vanquished Creatures (others)
  3 humans (D:15)
  A bush (D:8)
  32 fungi
  36 plants
  16 withered plants
88 creatures vanquished.

Grand Total: 730 creatures vanquished

Notes
Turn   | Place    | Note
-------+----------+-------------------------------------------
     0 | D:1      | jejorda2 the Merfolk Berserker began the quest for the Orb.
     0 | D:1      | Reached XP level 1. HP: 18/18 MP: 1/1
    16 | D:1      | Reached XP level 2. HP: 24/24 MP: 2/2
   235 | D:1      | Reached XP level 3. HP: 26/29 MP: 3/3
   391 | D:1      | Found Lupnaz's Armour Boutique.
   450 | D:1      | Reached skill level 5 in Polearms
   542 | D:1      | Found a faded altar of an unknown god.
   669 | D:2      | Found Gedefu's Distillery.
   782 | D:2      | Bought a potion of curing for 36 gold pieces
   809 | D:2      | Reached ** piety under Trog
   962 | D:2      | Reached XP level 4. HP: 34/37 MP: 2/4
  1639 | D:3      | Noticed SirDiesAlot's ghost (amateur OgFE)
  1845 | D:3      | Found a runed translucent gate.
  1846 | D:3      | Found a runed translucent gate.
  1847 | D:3      | Found a runed translucent gate.
  2132 | D:4      | Noticed a scorpion
  2141 | D:4      | Killed a scorpion
  2142 | D:4      | Reached skill level 6 in Polearms
  2142 | D:4      | Reached XP level 5. HP: 43/43 MP: 5/5
  2280 | D:4      | Found a sacrificial altar of Ru.
  2299 | D:4      | Found a broken altar of Ashenzari.
  2334 | D:4      | Reached XP level 6. HP: 16/49 MP: 3/6
  2507 | D:4      | Reached skill level 7 in Polearms
  2601 | D:4      | Found a runed translucent door.
  2609 | D:4      | Noticed jimonade's ghost (amateur FoFi)
  2685 | D:4      | Noticed Pikel
  2699 | D:4      | Killed Pikel
  2700 | D:4      | Reached skill level 5 in Fighting
  2700 | D:4      | Reached skill level 8 in Polearms
  2700 | D:4      | Reached XP level 7. HP: 56/56 MP: 4/7
  2826 | D:4      | Found an ornate altar of the Wu Jian Council.
  2884 | D:4      | Reached skill level 9 in Polearms
  3235 | D:4      | Found a snail-covered altar of Cheibriados.
  3246 | D:4      | Found a glowing silver altar of Zin.
  3392 | D:4      | Killed jimonade's ghost
  3393 | D:4      | Reached XP level 8. HP: 64/64 MP: 5/8
  3456 | D:5      | Entered Level 5 of the Dungeon
  3456 | D:5      | You fall into a shaft and drop 2 floors!
  3507 | D:7      | Reached skill level 10 in Polearms
  3539 | D:7      | Found a sand-covered staircase.
  3554 | Ossuary  | Entered an ossuary
  3941 | D:6      | Found a shadowy altar of Dithmenos.
  3941 | D:6      | Found a shimmering blue altar of Sif Muna.
  4115 | D:5      | Reached skill level 11 in Polearms
  4151 | D:5      | Found a runed translucent door.
  4272 | D:5      | Found a blossoming altar of Fedhas.
  4394 | D:1      | Bought the +2 chain mail "Otosal" {rElec rPois MP-9 Int-4}
                  | for 159 gold pieces
  4625 | D:5      | Reached XP level 9. HP: 69/69 MP: 0/9
  4633 | D:5      | Reached *** piety under Trog
  4745 | D:5      | Noticed Menkaure
  4753 | D:5      | Killed Menkaure
  4754 | D:5      | Reached skill level 12 in Polearms
  4931 | D:5      | Found a staircase to the Ecumenical Temple.
  5113 | D:5      | Noticed timneilson's ghost (novice GrFi)
  5313 | D:5      | Reached skill level 5 in Armour
  5352 | D:5      | Found a runed translucent door.
  5560 | D:5      | Killed timneilson's ghost
  5709 | D:6      | Reached skill level 13 in Polearms
  6012 | D:6      | Reached skill level 1 in Throwing
  6324 | D:6      | Reached XP level 10. HP: 76/76 MP: 1/10
  6333 | D:6      | Reached skill level 14 in Polearms
  6408 | D:6      | Found a sparkling altar of Nemelex Xobeh.
  7692 | D:8      | Noticed a two-headed ogre
  7702 | D:8      | Killed a two-headed ogre
  8101 | D:8      | Reached skill level 15 in Polearms
  8101 | D:8      | Reached skill level 5 in Throwing
  8243 | D:8      | Found a staircase to the Lair.
  8372 | D:8      | Found a bloodstained altar of Trog.
  8599 | D:8      | Reached **** piety under Trog
  8776 | D:8      | Found a transporter.
  8778 | D:8      | Found a transporter.
  8779 | D:8      | Noticed a boulder beetle
  8851 | D:8      | Reached XP level 11. HP: 84/86 MP: 2/11
  9438 | D:9      | Found a hide-covered altar of Uskayaw.
  9676 | D:9      | Found a runed translucent door.
  9676 | D:9      | Noticed a six-headed hydra
  9676 | D:9      | Noticed Nabski's ghost (journeyman TeFE)
  9692 | D:9      | Killed a six-headed hydra
  9709 | D:9      | Killed Nabski's ghost
  9727 | D:9      | Identified the +1 bardiche "Gram" {antimagic, rN+ Str+4
                  | Int+2 Stlth+}
  9790 | D:10     | Entered Level 10 of the Dungeon
  9806 | D:10     | Noticed Fannar
  9822 | D:10     | Killed Fannar
  9823 | D:10     | Reached skill level 16 in Polearms
  9991 | D:10     | Noticed a two-headed ogre
 10000 | D:10     | Killed a two-headed ogre
 10077 | D:10     | Found a staircase to the Orcish Mines.
 10440 | Lair:1   | Entered Level 1 of the Lair of Beasts
 10918 | D:8      | Killed a boulder beetle
 10919 | D:8      | Reached skill level 10 in Fighting
 11089 | Lair:1   | Identified the +3 scale mail "Zaqiob" {rPois SInv}
 11117 | Lair:1   | Reached skill level 17 in Polearms
 11192 | Lair:1   | Noticed an oklob plant
 11199 | Lair:1   | Killed an oklob plant
 11632 | Lair:1   | Reached XP level 12. HP: 99/99 MP: 1/12
 11936 | Lair:2   | Reached skill level 1 in Evocations
 12233 | Lair:2   | Found an ornate altar of the Wu Jian Council.
 12233 | Lair:2   | Noticed a boulder beetle
 12235 | Lair:2   | Found a hide-covered altar of Uskayaw.
 12249 | Lair:2   | Killed a boulder beetle
 12250 | Lair:2   | Reached skill level 18 in Polearms
 12928 | Lair:2   | Found a hole to the Spider Nest.
 13404 | Lair:2   | Found a staircase to the Shoals.
 13801 | Lair:3   | Reached skill level 19 in Polearms
 14010 | Lair:2   | Reached ***** piety under Trog
 14175 | Lair:3   | Reached XP level 13. HP: 108/108 MP: 1/13
 14188 | Lair:3   | Reached skill level 5 in Evocations
 14563 | Lair:3   | Reached skill level 20 in Polearms
 15951 | Lair:4   | Reached skill level 21 in Polearms
 15951 | Lair:4   | Reached skill level 5 in Dodging
 16630 | Lair:4   | Reached skill level 22 in Polearms
 16730 | Lair:4   | Reached XP level 14. HP: 66/115 MP: 3/14
 17131 | Lair:4   | Found a staircase to the Slime Pits.
 17332 | Lair:4   | Identified the +4 ring mail of the Crypt {rN+ rCorr}
 17605 | Lair:5   | Entered Level 5 of the Lair of Beasts
 17722 | Lair:5   | Reached skill level 23 in Polearms
 17825 | Lair:5   | Received a gift from Trog
 18851 | Lair:5   | Reached skill level 24 in Polearms
 19521 | Lair:5   | Identified the staff of death "Hyacs" {rN+ SInv}
 20788 | D:11     | Found a faded altar of an unknown god.
 20789 | D:11     | Found a faded altar of an unknown god.
 20791 | D:11     | Found a hazy altar of Hepliaklqana.
 21422 | D:12     | Noticed Nergalle
 21426 | D:12     | Killed Nergalle
 21626 | D:12     | Reached XP level 15. HP: 122/122 MP: 2/15
 21632 | D:12     | Identified the ring "Nanwokihe" {rF+ Int+4}
 21988 | D:12     | Noticed a fire giant
 21995 | D:12     | Killed a fire giant
 22344 | D:12     | Reached skill level 10 in Throwing
 22346 | D:12     | Noticed a tengu reaver
 22358 | D:12     | Killed a tengu reaver
 22538 | D:12     | Identified the +4 morningstar of the Penguin {flame, rElec
                  | Int+3}
 22747 | D:13     | Noticed Azrael
 22755 | D:13     | Identified the +6 spear of Uphi {heavy, Will+ Str+2} (Trog
                  | gifted it to you on level 13 of the Dungeon)
 22755 | D:13     | Received a gift from Trog
 22769 | D:13     | Killed Azrael
 22971 | D:13     | Found Ybrit's Pet Rocks.
 23016 | D:13     | Bought a wand of digging (7) for 323 gold pieces
 23947 | D:12     | Noticed Frances
 23954 | D:12     | Killed Frances
 24321 | D:14     | Noticed Josephine
 24327 | D:14     | Killed Josephine
 24857 | D:14     | Found a gate to the Vaults.
 25252 | D:14     | Reached XP level 16. HP: 95/134 MP: 1/16
 26351 | D:15     | Entered Level 15 of the Dungeon
 26500 | D:15     | Found a gate leading to a gauntlet.
 26509 | Gauntlet | Entered a Gauntlet
 26509 | Gauntlet | Found a transporter.
 26509 | Gauntlet | Found a transporter.
 26509 | Gauntlet | Found a transporter.
 26509 | Gauntlet | Found a transporter.
 26620 | Gauntlet | Found a transporter.
 26640 | Gauntlet | Found a transporter.
 26651 | Gauntlet | Found a transporter.
 26657 | Gauntlet | Found a transporter.
 26665 | Gauntlet | Found a transporter.
 26683 | Gauntlet | Found a transporter.
 26691 | Gauntlet | Found a transporter.
 26708 | Gauntlet | Found a transporter.
 27256 | Gauntlet | Identified the ring "Vucsoygi" {Fire rPois}
 27712 | D:15     | Found a staircase to the Depths.
 27939 | D:15     | Noticed Nessos
 27949 | D:15     | Killed Nessos
 27961 | D:15     | Reached skill level 15 in Fighting
 27965 | D:15     | Noticed Kirke
 27985 | D:15     | Killed Kirke
 28635 | Orc:1    | Entered Level 1 of the Orcish Mines
 28635 | Orc:1    | Noticed Snorg
 28643 | Orc:1    | Noticed Jorgrun
 28666 | D:9      | HP: 5/204 [Snorg (11)]
 28668 | D:9      | Mangled by Snorg

Illustrated notes

Levels and vault maps discovered:
D:1:      dpeg_arrival_boxorama, layout_rooms, serial_shops,
          nicolae_lakefront_shop, shapermc_ecumenical_altar_mp_highgroup
D:2:      layout_loops_ring, serial_shops, shop
D:3:      layout_rooms, gammafunk_ghost_icy
D:4:      layout_loops_corners, mainiacjoe_overflow_alcove_1,
          nicolae_overflow_quartered_altars, gammafunk_ghost_grave, uniq_pikel
D:5:      layout_basic, lemuel_round_altar, temple_hall, ebering_ghost_sewer_f,
          kennysheep_generic_room_15, uniq_menkaure
D:6:      layout_cave_pods, jmf_multi_god_temple, mainiacjoe_overflow_boulevard,
          serial_park, serial_park_square1 [serial_park_minivault_5x5_3],
          serial_park_square2, serial_park_square1
          [serial_park_minivault_5x5_3], serial_park_fountain,
          hangedman_decor_growths
D:7:      layout_basic, nicolae_ossuary_entry_monument, minmay_statues_item,
          minmay_door_square, st_stairs_7
D:8:      gammafunk_boulding_lane, layout_loops_ring,
          mainiacjoe_overflow_chevrons, minmay_lair_entry_grove, special_room
          [special_room_orc]
D:9:      layout_roguey, lemuel_coloured_pillars_altar,
          ebering_ghost_inner_flame, due_unseen_surprise
D:10:     layout_cave_pools, orc_david_3, uniq_fannar
D:11:     layout_gridville, nicolae_hepliaklqana_ecumenical_no_more
D:12:     minmay_box_of_curves, layout_gridville, uniq_nergalle, uniq_erolcha,
          uniq_frances
D:13:     layout_roguey, guppyfry_shop_earth, uniq_azrael
D:14:     layout_basic, erik_vaults_2, chequers_big_river, uniq_josephine
D:15:     hangedman_depths_entry_try_elsewhere_first, layout_cave_pools,
          hangedman_decor_lopped, gauntlet_entry_generic, uniq_nessos,
          uniq_kirke
Lair:1:   layout_regular_city, grunt_megastairs_2
Lair:2:   layout_small_grid, elwin_shoals_entry_stream,
          spider_nest_entry_funnel_web, st_stairs_5,
          nzn_masters_of_martial_movement
Lair:3:   layout_chaotic_city
Lair:4:   layout_cave_pods, dpeg_slime_entry_corner,
          grunt_forest_large_clearings
Lair:5:   grunt_lair_end_beastmaster, layout_regular_city
Orc:1:    layout_caves, basic_altar, hellmonk_jugg_or_not, uniq_snorg,
          uniq_gastronok, uniq_jorgrun

Skill      XL: |  1  2  3  4  5  6  7  8  9 10 11 12 13 14 15 16 |
---------------+-------------------------------------------------+-----
Polearms       | 5 6 8 9 11 13 15 17 19 22 24 | 24.0
Armour         | 2 3 4 5 6 7 |  7.2
Fighting       | 4 5 6 7 10 12 14 15 | 15.1
Throwing       | 2 5 6 8 12 13 | 13.7
Evocations     | 4 6 |  6.0
Dodging        | 6 |  6.0

Action                     |  1- 3 |  4- 6 |  7- 9 | 10-12 | 13-15 | 16-18 || total
---------------------------+-------+-------+-------+-------+-------+-------++-------
  Melee: Spear             |    91 |   127 |       |       |       |       ||   218
         Trident           |       |    53 |   401 |   439 |    43 |       ||   936
         Punch             |       |       |     5 |     4 |     2 |       ||    11
         Bardiche          |       |       |       |   254 |   497 |   252 ||  1003
         Glaive            |       |       |       |       |   430 |       ||   430
         Halberd           |       |       |       |       |   134 |       ||   134
         Tailslap          |       |       |       |       |     7 |       ||     7
  Throw: Stone             |       |     3 |    37 |    37 |       |       ||    77
         Dart              |       |       |       |    30 |    69 |     1 ||   100
         Boomerang         |       |       |       |       |     3 |     2 ||     5
         Javelin           |       |       |       |       |       |     3 ||     3
 Invoke: Berserk           |     2 |     5 |     7 |    12 |    16 |     5 ||    47
         Trog's Hand       |       |       |     3 |     4 |     9 |     5 ||    21
         Brothers in Arms  |       |       |       |       |     1 |     1 ||     2
  Evoke: Condenser vane    |       |       |       |       |       |     1 ||     1
    Use: Scroll            |       |       |    11 |    15 |     5 |     3 ||    34
         Potion            |       |       |       |       |       |     3 ||     3
   Stab: Petrified         |       |       |       |       |       |     4 ||     4
 Armour: Ring mail         |    14 |       |       |       |       |       ||    14
         Scale mail        |     3 |    48 |    38 |       |       |       ||    89
         Chain mail        |       |       |    59 |   262 |   648 |   149 ||  1118
  Dodge: Dodged            |    20 |    60 |   106 |   185 |   442 |   145 ||   958

Table legend: (Time is in decaauts)
 A = Elapsed time spent in this place.
 B = Non-inter-level travel time spent in this place.
 C = Inter-level travel time spent in this place.
 D = Time resting spent in this place.
 E = Time spent auto-exploring this place.
 F = Levels seen in this place.
 G = Mean time per level.
                   A        B        C        D        E       F      G
               +--------+--------+--------+--------+--------+-----+--------+
         Total |  28290 |  26879 |   1411 |   4104 |  18243 |  23 | 1230.0 |
       Dungeon |  17948 |  16851 |   1097 |   2281 |  11782 |  15 | 1196.5 |
          Lair |   9001 |   8688 |    313 |   1294 |   5999 |   5 | 1800.2 |
  Orcish Mines |     12 |     12 |      0 |      0 |      0 |   1 |   12.0 |
       Ossuary |    293 |    293 |      0 |     39 |    129 |   1 |  293.0 |
      Gauntlet |   1034 |   1034 |      0 |    489 |    332 |   1 | 1034.0 |
               +--------+--------+--------+--------+--------+-----+--------+

Top non-repeatable levels by time:
  Lair:2: 2240 daAuts
  Lair:5: 2041 daAuts
    D:14: 1864 daAuts
    D:12: 1847 daAuts
  Lair:3: 1792 daAuts
  Lair:4: 1680 daAuts
     D:8: 1510 daAuts
     D:4: 1487 daAuts
    D:13: 1425 daAuts
    D:11: 1414 daAuts
     D:6: 1322 daAuts
     D:5: 1302 daAuts
  Lair:1: 1246 daAuts
    D:15: 1077 daAuts
Gauntlet: 1034 daAuts
